 Dungeon Crawl Stone Soup version 0.30-a0-1094-g860fb061e7 (webtiles) character file.

Game seed: 1645190253014816055

105 Kauriferous the Shield-Bearer (level 4, -3/41 HPs)
             Began as a Minotaur Fighter on Apr 17, 2023.
             Killed by nerve-wracking pain
             ... invoked by Grinder
              (7 damage)
             ... on level 3 of the Dungeon.
             The game lasted 00:05:41 (2304 turns).

Kauriferous the Shield-Bearer (Minotaur Fighter)    Turns: 2304, Time: 00:05:42

Health: -3/41      AC: 10    Str: 22    XL:     4   Next: 53%
Magic:  3/3        EV:  8    Int:  8    God:
Gold:   117        SH:  9    Dex: 10    Spells: 3/3 levels left

rFire   + . .      SeeInvis .    v - +1 hand axe "Wuash" {venom, rElec rF+ Int+3}
rCold   . . .      Faith    .    c - +0 buckler
rNeg    . . .      Spirit   .    h - +0 chain mail
rPois   .          Reflect  +    (helmet restricted)
rElec   +          Rampage  .    e - +0 cloak
rCorr   .                        (no gloves)
Will    .....                    (no boots) Stlth
                                 p - amulet of reflection
HPRegen 0.26/turn                (no ring)
MPRegen 0.08/turn                (no ring)

@: no status effects
A: horns 2, retaliatory headbutt
a: no special abilities


You were on level 3 of the Dungeon.
You visited 1 branch of the dungeon, and saw 3 of its levels.

You collected 117 gold pieces.

Inventory:

Hand Weapons
 a - a +0 war axe
 v - the +1 hand axe "Wuash" (weapon) {venom, rElec rF+ Int+3}
   (You found it on level 2 of the Dungeon)

   Int:       It affects your intelligence (+3).
   rF:        It protects you from fire.
   rElec:     It insulates you from electricity.
Missiles
 g - a throwing net (quivered)
Armour
 c - a +0 buckler (worn)
 e - a +0 cloak (worn)
 h - a +0 chain mail (worn)
 k - a +0 tower shield
Jewellery
 p - an amulet of reflection (around neck)
Scrolls
 b - a scroll of magic mapping {unknown}
 j - 6 scrolls of identify {unknown}
 l - a scroll of torment {unknown}
 m - a scroll of fear {unknown}
 r - 2 scrolls of teleportation {unknown}
Potions
 d - a potion of might
 i - a potion of brilliance {unknown}
 n - a potion of invisibility {unknown}
 o - a potion of degeneration {unknown}
 q - a potion of heal wounds {unknown}
 s - a potion of mutation {unknown}
 t - a potion of haste {unknown}
 u - a potion of curing {unknown}
 w - 2 potions of lignification {unknown}


   Skills:
 + Level 4.4 Fighting
 * Level 3.9 Axes
 + Level 4.3 Armour
 + Level 4.4 Shields


You had 3 spell levels left.
You didn't know any spells.
Your spell library was empty.

Dungeon Overview and Level Annotations

Branches:
Dungeon (3/15)

Altars:
Fedhas

Annotations:
D:3 Grinder


Innate Abilities, Weirdness & Mutations

You have a pair of horns on your head.
You reflexively headbutt those who attack you in melee.


Message History

Throw: javelin
Press: ? - help, Q - select action, (/) - cycle Shift-Dir - straight line, f/p - Grinder
Aim: Grinder (lightly wounded, 53% to hit)
You throw a javelin. The javelin closely misses Grinder.
Grinder blinks!
Unknown command.
Throw: 2 throwing nets
Press: ? - help, Q - select action Shift-Dir - straight line, f/p - Grinder
Aim: Grinder (lightly wounded, 53% to hit)
You throw a throwing net. The throwing net hits Grinder.
Grinder is caught in the net!
Grinder is lightly wounded.
Grinder gestures at you.
You suddenly lose the ability to move!
Grinder struggles against the net.
Grinder struggles against the net.
You can move again.
Grinder blinks!
Grinder blinks!
Grinder gestures at you. Pain shoots through your body!
Grinder hits you but does no damage.
You closely miss Grinder.
Grinder is lightly wounded.
You block Grinder's attack.
You hit Grinder.
Grinder is moderately wounded.
Grinder hits you.
You slash Grinder!
Grinder is poisoned.
You headbutt Grinder.
Grinder is heavily wounded.
Grinder says, "There's only one good use for a tongue: cutting it out."
Grinder hits you.
You writhe in agony.
You hit Grinder.
Grinder is severely wounded.
Grinder hits you!
* * * LOW HITPOINT WARNING * * *
You writhe in agony.
* * * LOW HITPOINT WARNING * * *
Grinder gestures at you. Pain shoots through your body!
You die...

#..(((.((..
#.........
#.........
.(.......
♣.......
♣.....#
♣.....#
#..#######..
#.@.....>...
#5.#######..
#...# ##<.#
#..# #...#
..#.# ....#
#.....


You could see Grinder (very poisoned).

Vanquished Creatures
  4 adders (D:2)
  4 worms (D:2)
  3 dart slugs
  5 bats
  4 endoplasms
  A giant cockroach (D:1)
  6 goblins
  3 hobgoblins
  7 kobolds
  3 quokkas
  4 ball pythons (D:1)
  3 frilled lizards (D:1)
  4 rats
51 creatures vanquished.

Notes
Turn   | Place    | Note
-------+----------+-------------------------------------------
     0 | D:1      | Kauriferous the Minotaur Fighter began the quest for the
                  | Orb.
     0 | D:1      | Reached XP level 1. HP: 19/19 MP: 0/0
   286 | D:1      | Reached XP level 2. HP: 27/27 MP: 1/1
   492 | D:1      | Reached XP level 3. HP: 33/33 MP: 2/2
  1214 | D:2      | Found a blossoming altar of Fedhas.
  1420 | D:2      | Reached XP level 4. HP: 39/40 MP: 3/3
  1984 | D:2      | Identified the +1 hand axe "Wuash" {venom, rElec rF+ Int+3}
  2278 | D:3      | Noticed Grinder
  2291 | D:3      | Paralysed by Grinder for 3 turns
  2304 | D:3      | Killed from afar by Grinder

Illustrated notes

Levels and vault maps discovered:
D:1:      sevenhm_arrival_forest_fort_small_5, layout_loops_cross,
          roderic_roman_lattice, minmay_misc_feat_rows, minmay_small_reverse_x
D:2:      layout_basic, basic_altar
D:3:      layout_rooms, serial_forest, infiniplex_forest_diagonal,
          infiniplex_forest_end_3, infiniplex_forest_clump_diagonal,
          infiniplex_forest_straight_3, infiniplex_forest_clump_long,
          infiniplex_forest_straight_3, infiniplex_forest_pool,
          infiniplex_forest_zigzag_1, kennysheep_decorative_pillar,
          grunt_ministairs_1, uniq_grinder

Skill      XL: |  1  2 |
---------------+-------+-----
Shields        | 4 |  4.4
Fighting       | 4 |  4.4
Axes           | 3 |  3.9
Armour         | 4 |  4.3

Action                     |  1- 3 |  4- 6 || total
---------------------------+-------+-------++-------
  Melee: War axe           |    75 |    36 ||   111
         Headbutt          |    10 |    10 ||    20
         Hand axe          |       |     6 ||     6
  Throw: Javelin           |       |     6 ||     6
         Throwing net      |       |     1 ||     1
 Armour: Scale mail        |     8 |       ||     8
         Chain mail        |    23 |    13 ||    36
  Dodge: Dodged            |    18 |     7 ||    25
  Block: Buckler           |    20 |    20 ||    40
         Reflection        |     1 |       ||     1

Table legend: (Time is in decaauts)
 A = Elapsed time spent in this place.
 B = Non-inter-level travel time spent in this place.
 C = Inter-level travel time spent in this place.
 D = Time resting spent in this place.
 E = Time spent auto-exploring this place.
 F = Levels seen in this place.
 G = Mean time per level.
                   A        B        C        D        E       F      G
               +--------+--------+--------+--------+--------+-----+--------+
         Total |   2353 |   2108 |    245 |    162 |   1500 |   3 |  784.3 |
       Dungeon |   2353 |   2108 |    245 |    162 |   1500 |   3 |  784.3 |
               +--------+--------+--------+--------+--------+-----+--------+

Top non-repeatable levels by time:
     D:2: 1451 daAuts
     D:1: 865 daAuts
     D:3: 36 daAuts
